cohdb
Replays
Latest Replays
All Replays
Popular Replays
Top Player Replays
Match Explorer
How It Works
Community
CoH3 Stats
Reddit
Sign in to upload your games and track your stats! →
Sign in with Steam
Match 42290878
Unlisted
Match 42290878
Overview
Messages
Build Orders
End
250 Light Carrier
Selects Battlefield Espionage Battlegroup
Panzergrenadier Squad
250 Light Carrier
Construct Light Support Kompanie
Assault Grenadier Squad
250 Light Carrier
Assault Mechanized Group
Panzerjäger Squad
Fire Support Elements
Selects Intel Disruption Beacon
Selects Plunder
Selects Firestorm
Pak 38 Anti-tank Gun Team
2.5-tonne Medical Truck
Firestorm
Construct Panzerarmee Kommand
Selects 250/3 Funkpanzerwagen
Armored Reserves
Selects Anti-Tank Incendiary Munitions
Firestorm
Panzer IV Assault Group
GreeD
Majchel !
Sasariu
р
HgH SPIDERPIG
Skylight
gUi
bakemonogatari911
0
0
Comments
sign in to comment!
No comments posted yet!